AoeStats
← GENTILLESSE

Arena

508542609Analyzed
4v4 RM · 8d ago on Sep 22, 2026· 51m 17s· 8 players
Game mode
Random Map
Map size
Large (8 player)
Population
200
Speed
Normal
Resources
Standard
Victory
Conquest
Starting age
Dark Age
Ending age
Imperial Age
RankedLock teamsTeams togetherTeam positionsShared explorationLock speedFull tech treeHidden civsTurbo modeCheats
Victory
Defeat
🇧🇷 Turks · Brazil
992
+14
🇵🇪 Danes · Peru
892
+18
🇺🇸 Lithuanians · United States
889
+18
🇬🇧 Celts · United Kingdom
854
+21
🇫🇷 Burgundians · France
978
-19
🇺🇸 Mongols · United States
961
-18
🇹🇭 Japanese · Thailand
928
-17
🇹🇭 Teutons · Thailand
915
-17
Cody
13:18 Feudal Age
15:12 Double-Bit Axe
15:17 Loom
18:00 Castle Age
18:00 Gold Mining
23:23 Imperial Age
21:53 Horse Collar
25:37 Chemistry
27:03 Caravan
42:44 Padded Archer Armor
45:55 Leather Archer Armor
48:26 Ring Archer Armor
hank
11:49 Feudal Age
16:38 Castle Age
14:56 Stone Mining
16:52 Wheelbarrow
16:23 Double-Bit Axe
16:43 Gold Mining
17:09 Loom
18:00 Wheelbarrow
24:02 Fletching
33:46 Imperial Age
33:19 Hand Cart
35:13 Caravan
38:05 Bodkin Arrow
40:02 Elite Mangudai
42:28 Bracer
43:31 Chemistry
GENTILLESSE
6:59 Double-Bit Axe
11:47 Wheelbarrow
12:57 Feudal Age
11:20 Gold Mining
11:25 Horse Collar
15:05 Hand Cart
19:54 Castle Age
18:08 Bow Saw
18:08 Heavy Plow
19:06 Gold Shaft Mining
19:33 Stone Mining
22:21 Two-Man Saw
24:47 Loom
26:38 Cavalier
30:17 Scale Barding Armor
33:37 Imperial Age
31:11 Husbandry
31:25 Forging
36:33 Stone Shaft Mining
36:30 Paladin
37:49 Chain Barding Armor
36:53 Light Cavalry
39:07 Burgundian Vineyards
Zozimbo
0:33 Loom
9:50 Feudal Age
16:05 Castle Age
14:31 Double-Bit Axe
14:46 Horse Collar
18:16 Gold Mining
23:44 Squires
23:04 Pikeman
24:08 Heavy Plow
24:21 Bow Saw
25:32 Wheelbarrow
27:36 Hand Cart
27:14 Stone Mining
28:00 Gold Shaft Mining
31:50 Imperial Age
31:09 Scale Mail Armor
31:20 Forging
31:54 Gold Shaft Mining
32:49 Capped Ram
32:53 Halberdier
34:01 Chain Mail Armor
34:21 Iron Casting
33:51 Padded Archer Armor
33:41 Fletching
33:51 Elite Samurai
38:24 Plate Mail Armor
38:54 Blast Furnace
38:10 Leather Archer Armor
37:51 Bodkin Arrow
39:01 Two-Man Saw
39:06 Chemistry
37:52 Arrowslits
40:53 Kataparuto
40:34 Yasama
40:54 Conscription
44:08 Ring Archer Armor
43:38 Bracer
T.S | Mo
2:29 Loom
14:30 Feudal Age
15:19 Horse Collar
15:32 Stone Mining
15:32 Gold Mining
15:28 Double-Bit Axe
26:29 Castle Age
27:41 Wheelbarrow
27:39 Bow Saw
27:29 Heavy Plow
27:51 Caravan
28:55 Stone Shaft Mining
33:03 Imperial Age
30:21 Pikeman
31:01 Squires
33:09 Masonry
32:55 Murder Holes
34:07 Conscription
33:58 Scale Mail Armor
34:09 Forging
34:04 Scale Barding Armor
33:28 Capped Ram
33:36 Cavalier
34:16 Husbandry
34:54 Man-at-Arms
35:19 Arson
36:12 Bloodlines
36:41 Fletching
39:12 Hoardings
41:42 Iron Casting
41:27 Chain Barding Armor
41:42 Bodkin Arrow
45:11 Hand Cart
46:07 Paladin
48:20 Plate Barding Armor
47:45 Bracer
48:00 Chain Mail Armor
47:46 Town Watch
49:31 Architecture
48:42 Treadmill Crane
® SEILERT ®™
0:36 Loom
13:22 Feudal Age
14:28 Double-Bit Axe
15:36 Horse Collar
18:39 Castle Age
17:13 Gold Mining
19:24 Wheelbarrow
22:54 Imperial Age
21:42 Bow Saw
22:56 Padded Archer Armor
23:59 Leather Archer Armor
24:04 Squires
26:43 Forging
28:19 Iron Casting
32:50 Scale Mail Armor
39:40 Chain Mail Armor
40:26 Blast Furnace
39:32 Scale Barding Armor
40:27 Husbandry
40:38 Bloodlines
41:05 Heavy Camel Rider
50:45 Conscription
Doofus
9:58 Feudal Age
10:42 Double-Bit Axe
10:39 Horse Collar
15:59 Castle Age
17:04 Bow Saw
16:59 Heavy Plow
18:00 Wheelbarrow
17:11 Town Watch
19:20 Fletching
19:20 Loom
21:29 Stronghold
22:23 Gold Mining
23:58 Ballistics
24:28 Murder Holes
30:08 Imperial Age
28:26 Bodkin Arrow
28:41 Forging
30:47 Hand Cart
32:01 Chemistry
31:41 Elite Woad Raider
34:11 Conscription
39:42 Heavy Scorpion
42:23 Furor Celtica
43:11 Gold Shaft Mining
46:57 Iron Casting
46:22 Scale Mail Armor
48:59 Gambesons
50:44 Blast Furnace
50:00 Chain Mail Armor
Departure
6:20 Loom
10:56 Feudal Age
11:22 Double-Bit Axe
12:22 Wheelbarrow
16:56 Castle Age
14:55 Horse Collar
16:36 Stone Mining
17:06 Gold Mining
17:51 Bow Saw
22:31 Heavy Plow
24:16 Hand Cart
24:26 Forging
24:16 Scale Mail Armor
26:03 Gold Shaft Mining
30:05 Imperial Age
27:44 Scale Mail Armor
28:25 Thumb Ring
29:09 Stone Shaft Mining
30:11 Iron Casting
29:51 Chain Mail Armor
30:17 Hamask
33:45 Ballistics
34:27 Blast Furnace
33:58 Plate Mail Armor
34:07 Conscription
34:51 Fletching
35:01 Padded Archer Armor
35:11 Elite Varangian Guard
35:36 Arson
35:52 Squires
39:20 Bodkin Arrow
39:41 Leather Archer Armor
40:32 Caravan
42:46 Masonry
42:32 Murder Holes
43:38 Chemistry
42:29 Guard Tower
44:35 Bracer
44:51 Leather Archer Armor
44:04 Elite Jomsviking
Connection lost

Rejoining the realm…

Still unreachable

The connection could not be restored.

Session expired

The server has moved on; the page needs a fresh start.